 Dungeon Crawl Stone Soup version 0.18.1-48-g4cf74bf (webtiles) character file.

249 WobbleTop the Stinger (level 6, -1/36 HPs)
             Began as an Octopode Venom Mage on Aug 1, 2016.
             Was an Initiate of Fedhas.
             Slain by an iguana (6 damage)
             ... on level 4 of the Dungeon.
             The game lasted 00:27:33 (2714 turns).

WobbleTop the Stinger (Octopode Venom Mage)         Turns: 2714, Time: 00:27:33

Health: -1/36      AC:  1    Str:  6 (7)  XL:     6   Next: 12%
Magic:  2/9        EV: 13    Int: 18      God:    Fedhas [......]
Gold:   132        SH:  0    Dex: 10 (12) Spells: 2 memorised, 6 levels left

rFire  . . .     SeeInvis .     u - +0 dagger
rCold  + . .     Gourm    .     (no shield)
rNeg   . . .     Faith    .     (helmet restricted)
rPois  .         Spirit   .     m - amulet of regeneration
rElec  .         Dismiss  .     k - ring of protection from cold
rCorr  .         Reflect  .     e - ring of stealth
SustAt .         Harm     .     (no ring)
MR     .....                    (no ring)
Stlth  +++++.....               (no ring)
                                (no ring)
                                (no ring)
                                (no ring)

@: not resistant to hostile enchantments, quite stealthy
A: almost no armour, amphibious, 8 rings, constrict 8, camouflage 1, dopey 1,
low mp 1, screaming 1, gelatinous body 1
a: Renounce Religion


You were on level 4 of the Dungeon.
You worshipped Fedhas.
Fedhas was noncommittal.
You were not hungry.

You visited 2 branches of the dungeon, and saw 5 of its levels.

You collected 132 gold pieces.

Inventory:

Hand Weapons
 j - a +0 whip
 u - a +0 dagger (weapon)
Missiles
 c - 47 bolts
 l - 15 arrows
 n - 23 poisoned needles
 o - 93 stones (quivered)
Jewellery
 e - a ring of stealth (right tentacle)
 k - a ring of protection from cold (left tentacle)
 m - an amulet of regeneration (around mantle)
Scrolls
 d - a scroll of remove curse
 h - a scroll of identify
 i - a scroll of magic mapping
 p - a scroll of amnesia
 v - a scroll of noise
Books
 a - a Young Poisoner's Handbook

   Spells                             Type                      Level
   a - Sting                          Conjuration/Poison           1
   b - Cure Poison                    Poison                       2
   c - Mephitic Cloud                 Conjuration/Poison/Air       3
   d - Olgreb's Toxic Radiance        Poison                       4
   e - Venom Bolt                     Conjuration/Poison           5
Comestibles
 b - 2 bread rations
 f - 2 beef jerkies
 t - a meat ration


   Skills:
 * Level 3.6 Dodging
 * Level 4.6 Stealth
 * Level 3.1 Spellcasting
 + Level 1.4 Conjurations
 * Level 5.8 Poison Magic


You had 6 spell levels left.
You knew the following spells:

 Your Spells              Type           Power        Failure   Level  Hunger
a - Sting                 Conj/Pois      ###.         4%          1    None
b - Olgreb's Toxic Radia  Pois           ###.....     17%         4    ####...


Dungeon Overview and Level Annotations

Branches:
Dungeon (4/15)             Temple (1/1) D:4

Altars:
Ashenzari
Dithmenos
Elyvilon
Fedhas
Gozag
Kikubaaqudgha
Makhleb
Okawaru
Pakellas
Qazlal
Trog
Yredelemnul
Zin


Innate Abilities, Weirdness & Mutations

You cannot wear most types of armour.
You are amphibious.
You can wear up to eight rings at the same time.
You can use your tentacles to constrict eight enemies at once.
Your skin changes colour to match your surroundings (Stealth).
Your rubbery body absorbs attacks (AC +1).
You are dopey. (Int -2)
Your magical capacity is low (-10% MP).
You occasionally shout uncontrollably at your foes.


Message History

The worm is moderately wounded.
You barely miss the worm. You grab the worm.
The worm is moderately wounded.
You constrict the worm.
The iguana hisses angrily.
You hear a bark!
You hear a shout! x3
Casting: Sting
Confirm with . or Enter, or press ? or * to list all spells.
Aiming: Sting
Press: ? - help, Shift-Dir - straight line, f - iguana, p - worm
Aim: an iguana The sting hits the iguana.
The iguana is poisoned.
The iguana is lightly wounded.
You constrict the worm. The iguana bites you!
* * * LOW HITPOINT WARNING * * *
The worm closely misses you.
You hit the worm.
The worm is heavily wounded.
You constrict the worm. The iguana bites you.
You die...
Fedhas appreciates your contribution to the ecosystem.

## #.# .. ...
... ...# .# #
.. ...#..#
.#.# .#
#o#..# .#. g#
...$. .. .# #
#..# h#
.####?#
#..#####l#
g.....
#....)w@.#
..<<..
##.#######
.##########.#
......g.g...#
#############


You could see a worm, an iguana and a hound.

Vanquished Creatures
  Ijyb (D:3)
  A hound skeleton (D:4)
  4 gnolls
  8 adders
  3 oozes
  An adder skeleton (D:4)
  3 worms (D:3)
  2 dart slugs
  A giant gecko (D:1)
  2 orcs (D:3)
  2 giant cockroaches
  10 goblins
  10 hobgoblins
  4 jackals (D:1)
  A quokka (D:4)
  4 bats
  6 giant newts
  5 kobolds
  6 rats
74 creatures vanquished.

Notes
Turn   | Place    | Note
--------------------------------------------------------------
     0 | D:1      | WobbleTop the Octopode Venom Mage began the quest for the Orb.
     0 | D:1      | Reached XP level 1. HP: 11/11 MP: 3/3
   239 | D:1      | Reached XP level 2. HP: 14/17 MP: 0/5
   253 | D:1      | Reached skill level 5 in Poison Magic
   702 | D:2      | Reached XP level 3. HP: 17/21 MP: 4/6
   856 | D:2      | Reached XP level 4. HP: 21/27 MP: 4/7
  1257 | D:2      | Reached skill level 1 in Conjurations
  1299 | D:2      | Found a shattered altar of Ashenzari.
  1399 | D:3      | Reached XP level 5. HP: 21/31 MP: 4/9
  1584 | D:3      | Noticed Ijyb
  1677 | D:3      | Killed Ijyb
  1770 | D:3      | Found a bloodstained altar of Trog.
  1788 | D:3      | Found an oddly glowing altar of Pakellas.
  1911 | D:3      | Learned a level 4 spell: Olgreb's Toxic Radiance
  1936 | D:3      | Found a glowing silver altar of Zin.
  2253 | D:4      | Found an ancient bone altar of Kikubaaqudgha.
  2290 | D:4      | Found a stormy altar of Qazlal.
  2358 | D:4      | Found a burning altar of Makhleb.
  2382 | D:4      | Reached XP level 6. HP: 8/36 MP: 3/10
  2458 | D:4      | Found a staircase to the Ecumenical Temple.
  2467 | Temple   | Entered the Ecumenical Temple
  2579 | Temple   | Became a worshipper of Fedhas Madash
  2673 | D:4      | Gained mutation: Your magical capacity is low (-10% MP). [potion of mutation]
  2673 | D:4      | Gained mutation: You occasionally shout uncontrollably at your foes. [potion of mutation]
  2673 | D:4      | Gained mutation: You are dopey. (Int -2) [potion of mutation]
  2680 | D:4      | HP: 1/36 [gnoll/halberd of flaming (4)]
  2714 | D:4      | Slain by an iguana

Skill      XL: |  1  2  3  4  5 |
---------------+----------------+-----
Poison Magic   | 5 |  5.8
Stealth        | 3 4 |  4.6
Conjurations   | 1 |  1.4
Dodging        | 3 |  3.6
Spellcasting   | 3 |  3.1

Action                   |  1- 3 |  4- 6 || total
-------------------------+-------+-------++-------
Melee: Unarmed           |     6 |       ||     6
       Constrict         |     8 |    20 ||    28
       Whip              |    22 |    14 ||    36
       Tentacles         |     3 |    12 ||    15
       Dagger            |       |   110 ||   110
 Cast: Sting             |    27 |    93 ||   120
       Olgreb's Toxic Ra |       |     2 ||     2
  Use: Potion            |     1 |     7 ||     8
       Scroll            |       |     6 ||     6
 Stab: Sleeping          |     5 |     8 ||    13
       Distracted        |       |     1 ||     1
  Eat: Chunk             |       |     3 ||     3
       Bread ration      |       |     1 ||     1
Armor: Skin              |     7 |    65 ||    72
Dodge: Dodged            |    21 |    78 ||    99
